Map: Fracture LE

Players

patience

  • Race: Terran Terran
  • League: Platinum
  • Spawn Location: 5:00

SGRT - Winner!

  • Race: Zerg Zerg
  • League: Diamond
  • Spawn Location: 11:00

VOD

Have the link to the VOD?

Description

Time

  • Played on: Aug. 17, 2018, 9:56 a.m.
  • Length: 6:36
Show
View Real Time Build Order
Export as new Build Order

patience Terran 

Build Orders: Reaper Expand 

Get SALT Encoding   

  12  0:03  SCV  
  13  0:15  SCV  
  13  0:19  Supply Depot  
  14  0:28  SCV  
  15  0:29  Refinery  
  15  0:40  SCV  
  16  0:46  Barracks  
  16  0:53  SCV  
  17  1:05  SCV  
  18  1:17  SCV  
  19  1:33  Orbital Command  
  19  1:34  Reaper  
  20  1:48  Command Center  
  20  1:58  Barracks  
  20  2:02  SCV  
  20  2:06  Barracks Reactor  
  21  2:16  SCV  
  21  2:19  Supply Depot  
  21  2:22  Refinery  
  22  2:33  SCV  
  23  2:39  Factory  
  23  2:43  Marine  
  23  2:44  Marine  
  25  2:45  SCV  
  25  2:48  Barracks Tech Lab  
  26  2:57  SCV  
  27  3:04  Marine x2  
  29  3:10  Marine  
  29  3:12  Stimpack  
  30  3:15  SCV  
  30  3:16  Orbital Command  
  31  3:22  Orbital Command  
  31  3:23  Marine x2  
  33  3:29  SCV  
  33  3:32  Starport  
  34  3:37  Factory Reactor  
  34  3:47  Supply Depot  
  34  3:48  SCV x2  
  36  3:52  Marine x2  
  38  3:57  Marine  
  38  4:00  SCV x2  
  41  4:09  Marine  
  41  4:10  Supply Depot  
  41  4:15  Supply Depot  
  41  4:16  Marine x2  
  44  4:17  SCV x2  
  44  4:21  Medivac  
  44  4:23  Medivac  
  50  4:29  SCV  
  50  4:30  SCV  
  52  4:33  Engineering Bay, Marine  
  53  4:42  Engineering Bay  
  53  4:43  SCV x2  
  53  4:45  Refinery  
  55  4:47  Marine  
  55  4:48  Refinery  
  56  4:58  Barracks  
  56  5:01  Factory Tech Lab  
  56  5:08  SCV x2  
  58  5:16  Marine  
  58  5:17  Marine  
  58  5:19  Supply Depot  
  58  5:20  SCV x2  
  62  5:23  Marine  
  62  5:25  Starport Reactor  
  62  5:28  Siege Tank  
  66  5:29  Medivac  
  66  5:32  SCV x2  
  70  5:40  Marine x2  
  70  5:41  Marine  
  73  5:44  SCV x2  
  71  5:57  Marine  
  57  6:07  Supply Depot, Marine x4  
Show
View Real Time Build Order
Export as new Build Order

SGRT Zerg - Winner!

Build Orders: Hatch First 

Get SALT Encoding   

  12  0:01  Drone  
  13  0:13  Overlord  
  13  0:20  Drone  
  14  0:33  Drone x2  
  16  0:37  Drone  
  17  0:58  Hatchery  
  17  1:01  Drone  
  17  1:04  Extractor  
  17  1:06  Drone  
  17  1:20  Spawning Pool  
  17  1:22  Drone  
  17  1:34  Drone  
  17  1:36  Drone  
  19  1:46  Overlord  
  19  2:07  Zergling x4  
  21  2:10  Queen  
  21  2:12  Queen  
  25  2:16  Drone  
  25  2:21  Drone  
  27  2:27  Drone x2  
  29  2:35  Overlord  
  29  2:43  Drone x2  
  31  2:51  Queen  
  33  2:53  Metabolic Boost  
  33  2:56  Queen  
  34  3:15  Hatchery  
  33  3:20  Overlord  
  33  3:21  Drone x2  
  35  3:30  Evolution Chamber  
  35  3:41  Drone x4  
  35  3:42  Drone x3  
  41  3:55  Overlord  
  41  4:01  Zerg Melee Weapons Level 1  
  41  4:05  Zergling x4  
  41  4:07  Overlord x2  
  43  4:13  Baneling Nest  
  43  4:15  Drone x2  
  44  4:20  Drone x2  
  46  4:27  Zergling x6  
  46  4:28  Zergling x2  
  50  4:34  Zergling x6  
  53  4:39  Queen  
  53  4:40  Overlord  
  53  4:45  Zergling x6  
  58  4:46  Zergling x2  
  58  4:50  Zergling x4  
  58  4:51  Zergling x2  
  62  4:57  Zergling x2  
  63  5:04  Zergling x4  
  63  5:05  Zergling x10  
  70  5:15  Zergling x8  
  70  5:20  Baneling x2  
  70  5:21  Baneling x8  
  74  5:22  Baneling x3  
  74  5:24  Zergling x2  
  75  5:30  Overlord x2  
  71  5:50  Zergling x2  
  69  6:03  Zergling x4  
  69  6:04  Zergling x14  
  67  6:05  Zergling x8  
  67  6:09  Baneling x2  
  67  6:11  Zergling x4  
  70  6:18  Zergling x4  
Tags
 
Add a new tag
Caveats
  • Supply blocks, unpowered buildings, or Contaminate may cause inaccurate times.
  • Supply counts are checked every 10 seconds.